 Dungeon Crawl Stone Soup version 0.30-a0-553-g7fabdf1491 (webtiles) character file.

Game seed: 534684796614552852

4428 arthad the Digger (level 10, -1/60 HPs)
             Began as a Gargoyle Earth Elementalist on Dec 27, 2022.
             Was an Initiate of Vehumet.
             Killed from afar by Psyche (11 damage)
             ... with an iceblast
             ... on level 8 of the Dungeon.
             The game lasted 00:18:56 (8100 turns).

arthad the Digger (Gargoyle Earth Elementalist)     Turns: 8100, Time: 00:18:57

Health: -1/60      AC: 19    Str: 18    XL:     10   Next: 36%
Magic:  16/16      EV: 12    Int: 20    God:    Vehumet [......]
Gold:   512        SH:  0    Dex: 10    Spells: 16/20 levels left

rFire   + . .      SeeInvis .    m - +8 mithril axe "Arga" {speed, Will+}
rCold   + . .      Faith    .    (no shield)
rNeg    + . .      Spirit   .    F - +2 steam dragon scales
rPois   ∞          Reflect  .    G - +1 hat
rElec   +          Harm     .    (no cloak)
rCorr   +          Rampage  .    x - +2 pair of gloves
Will    +....                    (no boots)
Stlth   +++                      (no amulet)
HPRegen 0.30/turn                p - +6 ring of strength
MPRegen 0.15/turn                c - ring of wizardry

@: resistant
A: sickness immunity, AC +7, negative energy resistance 1, electricity
resistance, torment resistance 1, petrification resistance, low MP 1
a: Renounce Religion


You were on level 8 of the Dungeon.
You worshipped Vehumet.
Vehumet was noncommittal.
You visited 2 branches of the dungeon, and saw 9 of its levels.
You visited the Abyss 1 time.

You collected 512 gold pieces.

Inventory:

Hand Weapons
 d - a +3 rapier of speed
 m - the +8 mithril axe "Arga" (weapon) {speed, Will+}
   (You found it on level 3 of the Dungeon)

   Attacks with this weapon are significantly faster.
   Will:      It increases your willpower.
 q - the +4 dagger "Morg" {pain, Will+ Int+5}
   (You found it on level 3 of the Dungeon)

   In the hands of one skilled in necromantic magic, it inflicts extra damage on
   living creatures.
   Int:       It affects your intelligence (+5).
   Will:      It increases your willpower.
 E - a +1 glaive of venom
Missiles
 r - 12 poisoned darts
 D - 5 curare-tipped darts
Armour
 u - a +1 robe of fire resistance
 x - a +2 pair of gloves (worn)
 F - +2 steam dragon scales (worn)
 G - a +1 hat (worn)
Magical Staves
 C - a staff of conjuration
Jewellery
 c - a ring of wizardry (right hand)
 p - a +6 ring of strength (left hand)
 y - a ring of protection from cold
Wands
 w - a wand of charming (8)
Scrolls
 f - 7 scrolls of teleportation
 h - 3 scrolls of enchant weapon
 i - 6 scrolls of fear
 n - 2 scrolls of immolation
 v - 5 scrolls of identify
 B - 3 scrolls of magic mapping {unknown}
 H - a scroll of poison
 I - a scroll of silence {unknown}
Potions
 b - 2 potions of magic
 e - 3 potions of brilliance
 g - a potion of attraction
 j - 4 potions of haste
 k - a potion of curing
 l - a potion of flight


   Skills:
 * Level 5.7 Fighting
 * Level 4.8 Axes
 + Level 3.5 Armour
 + Level 3.8 Dodging
 + Level 7.0 Stealth
 * Level 5.6 Spellcasting
 * Level 6.0 Conjurations
 - Level 0.7 Transmutations
 * Level 7.8 Earth Magic


You had 16 spell levels left.
You knew the following spells:

 Your Spells              Type           Power      Damage    Failure   Level
a - Sandblast             Erth           72%        2d16      1%          1
b - Stone Arrow           Conj/Erth      66%        3d11      1%          3

Your spell library contained the following spells:

 Spells                   Type           Power      Damage    Failure   Level
 Passwall                 Tmut/Erth      18%        N/A       1%          2
 Beastly Appendage        Tmut           16%        N/A       3%          1
 Apportation              Tloc           10%        N/A       4%          1
 Freeze                   Ice            20%        1d4       4%          1
 Necrotise                Necr           20%        1d5       4%          1
 Summon Small Mammal      Summ           20%        N/A       4%          1
 Wereblood                Tmut           8%         N/A       4%          2
 Hailstorm                Conj/Ice       17%        3d6       4%          3
 Petrify                  Tmut/Erth      22%        N/A       8%          4
 Ignite Poison            Fire/Tmut/Pois 6%         N/A       12%         3
 Spider Form              Tmut/Pois      7%         N/A       12%         3
 Frozen Ramparts          Ice            10%        1d2       13%         3
 Kindle Blastsparks       Fire/Tloc/Air  10%        2d10      13%         3
 Ice Form                 Ice/Tmut       7%         N/A       34%         4
 Summon Ice Beast         Ice/Summ       5%         N/A       38%         4
 Freezing Cloud           Conj/Ice/Air   6%         6-21      45%         5


Dungeon Overview and Level Annotations

Branches:
Dungeon (8/15)             Temple (1/1) D:6
   Lair: D:8-11

Altars:
Ashenzari
Cheibriados
Dithmenos
Elyvilon
Fedhas
Gozag
Hepliaklqana
Kikubaaqudgha
Makhleb
Nemelex Xobeh
Okawaru
Qazlal
Ru
Sif Muna
Trog
Uskayaw
Vehumet
Wu Jian
Xom
Yredelemnul
Zin
The Shining One

Shops:
D:6 *

Annotations:
D:5 1 runed translucent door, zishaf's ghost, amateur TeAE
D:7 2 transporters, purpskrrrp's ghost, novice DsCj
D:8 Psyche


Innate Abilities, Weirdness & Mutations

You are immune to sickness and miasma.
Your stone body is resilient. (AC +7)
You are immune to poison.
You resist negative energy. (rN+)
You are resistant to electric shocks. (rElec)
You are resistant to unholy torment.
You are immune to petrification.
Your magical capacity is low. (-10% MP)


Message History

Unknown command.
Unknown command.
You slice the small abomination!!
You destroy the small abomination!
Vehumet accepts your kill.
Your Stealth skill increases to level 7!
Unknown command.
Unknown command.
Okay, then.
You cannot move.
You start resting.
You feel less attractive to monsters.
You start resting.
Your transformation is almost over.
Your extra speed is starting to run out.
Your catoblepas skeleton dissolves into shadows!
You cannot move.
You cannot move.
You cannot move.
You start resting.
Your starcursed mass dissolves into shadows! x3
You feel yourself slow down.
Your large abomination dissolves into shadows!
You start resting.
You feel less wooden.
Your +1 hat unmelds from your body.
Your +2 pair of gloves unmelds from your body.
Your +2 steam dragon scales unmelds from your body.
You pass through the gate.
Welcome back to the Dungeon!
Your summoned ally is left behind.
Level annotation: Psyche Psyche zaps a wand.
The mass of ice explodes!
The iceblast engulfs you. You partially resist.
* * * LOW HITPOINT WARNING * * *
The steam dragon breathes steam at you. The ball of steam hits you. You resist.
* * * LOW HITPOINT WARNING * * *
Psyche zaps a wand.
The mass of ice explodes!
The iceblast engulfs you! You partially resist.
You die...

...#.#..
....... ....^#
#..#.## #.....
#
#.##..#.##.####
#.............>
#.....<.##@####
###....§@§§.$D#
#.#########.# #


You could see Psyche.

Vanquished Creatures
  Maggie (D:7)
  A troll (D:6)
  Prince Ribbit (D:5)
  Grinder (D:3)
  A spriggan (D:7)
  Edmund (D:5)
  2 water moccasins
  2 sky beasts (D:7)
  3 black bears
  An orc warrior (D:6)
  An ice beast (D:7)
  A gnoll sergeant (D:5)
  2 scorpions
  A howler monkey (D:4)
  4 hounds
  3 jellies
  2 orc priests
  An iron imp (Abyss:1)
  3 iguanas
  Terence (D:3)
  5 orc wizards
  4 small abominations (Abyss:1)
  3 gnolls (D:5)
  10 adders
  2 ufetubi
  5 worms
  A dart slug (D:4)
  11 orcs
  7 ball pythons
  7 endoplasms
  2 giant cockroaches
  8 goblins
  7 hobgoblins
  6 jackals
  8 kobolds
  6 quokkas
  7 bats
  4 frilled lizards
  7 rats
143 creatures vanquished.

Vanquished Creatures (collateral kills)
  A large abomination (Abyss:1)
  An apocalypse crab (Abyss:1)
  A small abomination (Abyss:1)
3 creatures vanquished.

Vanquished Creatures (others)
  50 plants (D:4)
50 creatures vanquished.

Grand Total: 196 creatures vanquished

Notes
Turn   | Place    | Note
-------+----------+-------------------------------------------
     0 | D:1      | arthad the Gargoyle Earth Elementalist began the quest for
                  | the Orb.
     0 | D:1      | Reached XP level 1. HP: 10/10 MP: 3/3
   182 | D:1      | Reached XP level 2. HP: 15/15 MP: 3/5
   675 | D:2      | Reached XP level 3. HP: 19/19 MP: 3/6
   679 | D:2      | Learned a level 3 spell: Stone Arrow
  1176 | D:2      | Reached XP level 4. HP: 24/24 MP: 5/7
  1291 | D:2      | Reached skill level 1 in Conjurations
  1871 | D:3      | Found the +8 mithril axe "Arga" {speed, Will+}
  2129 | D:3      | Found an ornate altar of the Wu Jian Council.
  2141 | D:3      | Reached XP level 5. HP: 28/28 MP: 4/9
  2186 | D:3      | Found a faded altar of an unknown god.
  2269 | D:3      | Found the +4 dagger "Morg" {pain, Will+ Int+5}
  2279 | D:3      | Found an opulent altar of Gozag.
  2473 | D:3      | Noticed Terence
  2477 | D:3      | Killed Terence
  2577 | D:3      | Found a bloodstained altar of Trog.
  2608 | D:3      | Noticed Grinder
  2613 | D:3      | Killed Grinder
  2614 | D:3      | Reached skill level 1 in Fighting
  2614 | D:3      | Reached skill level 1 in Axes
  2614 | D:3      | Reached XP level 6. HP: 35/35 MP: 5/10
  2915 | D:4      | Reached skill level 5 in Earth Magic
  3401 | D:4      | Reached XP level 7. HP: 40/40 MP: 5/12
  3509 | D:4      | Found a blossoming altar of Fedhas.
  3960 | D:5      | Entered Level 5 of the Dungeon
  3964 | D:5      | Found a sparkling altar of Nemelex Xobeh.
  4137 | D:5      | Noticed Prince Ribbit
  4143 | D:5      | Killed Prince Ribbit
  4597 | D:5      | Reached skill level 1 in Armour
  4597 | D:5      | Reached XP level 8. HP: 34/45 MP: 8/13
  4773 | D:5      | Found a runed translucent door.
  4775 | D:5      | Noticed zishaf's ghost (amateur TeAE)
  5047 | D:5      | Noticed Edmund
  5054 | D:5      | Killed Edmund
  5384 | D:6      | Found Elicyw's General Store.
  5403 | D:6      | Found a staircase to the Ecumenical Temple.
  5531 | D:5      | Reached skill level 5 in Stealth
  5824 | Temple   | Entered the Ecumenical Temple
  6113 | Temple   | Became a worshipper of Vehumet
  6213 | D:6      | Noticed a troll
  6219 | D:6      | HP: 1/48 [troll (9)]
  6230 | D:6      | Killed a troll
  6231 | D:6      | Reached XP level 9. HP: 23/52 MP: 3/15
  6635 | D:6      | Found a shimmering blue altar of Sif Muna.
  6800 | D:7      | Noticed Maggie
  6828 | D:7      | Killed Maggie
  7097 | D:7      | Reached skill level 5 in Conjurations
  7142 | D:7      | Reached skill level 5 in Spellcasting
  7208 | D:7      | Found a broken altar of Ashenzari.
  7276 | D:7      | Noticed a queen bee
  7284 | D:7      | Found a transporter.
  7289 | D:7      | Found a transporter.
  7289 | D:7      | Noticed purpskrrrp's ghost (novice DsCj)
  7331 | D:7      | Reached skill level 5 in Fighting
  7901 | D:8      | Noticed Psyche
  7906 | Abyss:1  | Cast into level 1 of the Abyss (Psyche)
  7948 | Abyss:1  | Noticed a starcursed mass
  7979 | Abyss:1  | Found a corrupted altar of Lugonu.
  8050 | Abyss:1  | Gained mutation: Your magical capacity is low. (-10% MP)
                  | [potion of mutation]
  8057 | Abyss:1  | Noticed an apocalypse crab
  8063 | Abyss:1  | Killed an apocalypse crab
  8064 | Abyss:1  | Reached XP level 10. HP: 25/59 MP: 16/16
  8071 | Abyss:1  | Noticed a large abomination
  8077 | Abyss:1  | Killed a large abomination
  8100 | D:8      | Escaped the Abyss
  8100 | D:8      | Killed from afar by Psyche

Illustrated notes

Levels and vault maps discovered:
D:1:      eino_arrival_water_cross, layout_rooms, serial_curves, eino_curves_02,
          eino_curves_02, eino_curves_03
D:2:      minmay_diamond_boxcup, layout_loops_corners, grunt_ministairs_4
D:3:      layout_basic, old_standard_altar, nicolae_wu_jian_wuxing_cycle,
          nicolae_gozag_seed_capital, hellmonk_ecumenical_altar_dog_temple,
          minmay_statues_item, grunt_ministairs_13, uniq_terence, uniq_grinder
D:4:      layout_loops_cross, mainiacjoe_overflow_small_starburst, serial_bayou,
          serial_bayou_lagoon_b, serial_bayou_pond_a, serial_bayou_ford_a,
          serial_bayou_crossing, serial_bayou_lagoon_a, serial_bayou_pond_c,
          chequers_decorated_corner, grunt_decor_fettered,
          grunt_decor_resistance, feat_on_display
D:5:      layout_basic, nemelex_altar_shiori, ebering_ghost_inner_flame,
          minmay_misc_feat_x, hangedman_decor_diamond_cutter,
          uniq_prince_ribbit1, uniq_edmund
D:6:      layout_rooms, tgw_sif, minmay_temple_entry_mist, serial_shops, shop,
          minmay_misc_feat_ornament
D:7:      layout_loops_corners, nicolae_ashenzari_skybound,
          gammafunk_ghost_hive, the_hattery, uniq_maggie
D:8:      layout_loops_cross, gammafunk_ghost_grave, uniq_pikel, uniq_erica,
          uniq_psyche
Temple:   regret_index_temple_generic_petals

Skill      XL: |  1  2  3  4  5  6  7  8  9 10 |
---------------+-------------------------------+-----
Earth Magic    | 4 5 6 7 |  7.8
Stealth        | 3 4 5 6 7 |  7.0
Conjurations   | 1 2 3 4 5 6 |  6.0
Dodging        | 2 3 |  3.8
Fighting       | 1 2 4 5 |  5.7
Axes           | 1 2 3 4 |  4.8
Spellcasting   | 3 4 5 |  5.6
Armour         | 1 2 3 |  3.5
Transmutations | |  0.7

Action                   |  1- 3 |  4- 6 |  7- 9 | 10-12 || total
-------------------------+-------+-------+-------+-------++-------
Melee: Broad axe         |       |     6 |    51 |     7 ||    64
       Punch             |       |       |       |     1 ||     1
Throw: Dart              |       |       |     4 |       ||     4
 Cast: Sandblast         |    43 |    88 |   130 |       ||   261
       Stone Arrow       |       |       |    14 |       ||    14
  Use: Scroll            |       |       |    12 |       ||    12
       Potion            |       |       |    13 |       ||    13
Armor: Robe              |     4 |    16 |    39 |       ||    59
       Steam dragon scal |       |       |    14 |       ||    14
       Skin              |       |       |     1 |     1 ||     2
Dodge: Dodged            |     5 |    14 |   116 |       ||   135

Table legend: (Time is in decaauts)
 A = Elapsed time spent in this place.
 B = Non-inter-level travel time spent in this place.
 C = Inter-level travel time spent in this place.
 D = Time resting spent in this place.
 E = Time spent auto-exploring this place.
 F = Levels seen in this place.
 G = Mean time per level.
                   A        B        C        D        E       F      G
               +--------+--------+--------+--------+--------+-----+--------+
         Total |   8245 |   8010 |    235 |    382 |   6368 |  10 |  824.5 |
       Dungeon |   7730 |   7536 |    194 |    366 |   6076 |   8 |  966.2 |
        Temple |    331 |    290 |     41 |      0 |    261 |   1 |  331.0 |
         Abyss |    182 |    182 |      0 |     16 |     31 |   1 |  182.0 |
               +--------+--------+--------+--------+--------+-----+--------+

Top non-repeatable levels by time:
     D:5: 1681 daAuts
     D:7: 1249 daAuts
     D:4: 1202 daAuts
     D:2: 1196 daAuts
     D:3: 1142 daAuts
     D:6: 672 daAuts
     D:1: 580 daAuts
  Temple: 331 daAuts
 Abyss:1: 182 daAuts
     D:8: 5 daAuts
